 Dungeon Crawl Stone Soup version 0.26.1-2-gb8aa6d0cf2 (webtiles) character file.

Game seed: 14979410520083726124

501 ubername the Cudgeller (level 6, -4/55 HPs)
             Began as a Palentonga Fighter on Mar 2, 2021.
             Slain by a sky beast (5 damage)
             ... on level 5 of the Dungeon.
             The game lasted 00:10:28 (4236 turns).

ubername the Cudgeller (Palentonga Fighter)         Turns: 4236, Time: 00:10:29

Health: -4/55      AC:  9    Str: 18 (21) XL:     6   Next: 95%
Magic:  6/6        EV:  6    Int:  8 (9)  God:
Gold:   203        SH:  8    Dex:  8 (9)  Spells: 5/5 levels left

rFire    + . .     SeeInvis +   a - +4 mace (holy)
rCold    x . .     Faith    .   c - +0 kite shield
rNeg     . . .     Spirit   .   b - +0 scale mail
rPois    .         Reflect  .   h - +0 helmet
rElec    .         Harm     .   f - +0 cloak
rCorr    .         Rampage  .   (no gloves)
Will     .....                  (no barding)
Stlth    ..........             (no amulet)
HPRegen  0.18/turn              m - ring of fire
MPRegen  0.10/turn              (no ring)

@: no status effects
A: large, rugged brown scales 3, see invisible, deformed body, roll 1, armoured
tail
a: Rolling Charge


You were on level 5 of the Dungeon.
You visited 1 branch of the dungeon, and saw 5 of its levels.

You collected 203 gold pieces.

Inventory:

Hand Weapons
 a - a +4 mace of holy wrath (weapon)
 e - a +2 flail of protection
 p - a +0 club
Armour
 b - a +0 scale mail (worn)
 c - a +0 kite shield (worn)
 f - a +0 cloak (worn)
 h - a +0 helmet (worn)
Jewellery
 m - a ring of fire (left hand)
Wands
 o - a wand of paralysis (4)
Scrolls
 g - a scroll of remove curse
Potions
 d - a potion of might
 i - a potion of curing
 j - a potion of invisibility {unknown}


   Skills:
 + Level 4.0 Fighting
 + Level 4.5 Maces & Flails
 + Level 4.0 Armour
 + Level 1.6 Dodging
 + Level 0.4 Stealth
 + Level 3.3 Shields


You had 5 spell levels left.
You didn't know any spells.
Your spell library was empty.

Dungeon Overview and Level Annotations

Branches:
Dungeon (5/15)
 Temple: D:4-7

Altars:
Ashenzari
Nemelex Xobeh
Uskayaw
Xom
Zin

Annotations:
D:5 Sigmund


Innate Abilities, Weirdness & Mutations

You are completely covered in rugged brown scales. (AC +3, +7% HP)
You have supernaturally acute eyesight. (SInv)
Armour fits poorly on your strangely shaped body.
You can roll at nearby foes to attack.
You have a long armoured tail.


Message History

The sky beast hits you but does no damage.
You sock the sky beast!
Your tail-slap misses the sky beast.
The sky beast is moderately wounded.
You block the sky beast's attack. Sigmund hits you but does no damage.
The sky beast barely misses you.
You hit the sky beast.
Your tail-slap misses the sky beast.
The sky beast is heavily wounded.
You block the sky beast's attack. Sigmund barely misses you.
You hit the sky beast.
The sky beast is severely wounded.
The sky beast hits you.
* * * LOW HITPOINT WARNING * * *
The sky beast shocks you.
* * * LOW HITPOINT WARNING * * *
You miss the sky beast.
The sky beast is severely wounded.
You block Sigmund's attack. The sky beast hits you.
* * * LOW HITPOINT WARNING * * *
The sky beast shocks you.
You die...

.. ####### .
#.....# ##.
#...<.# #o.
#####.....# # #.#
##§§...#.###.#
###o####@§#####.#
.# #...@§@Y§##
#.# #.###.#
#..#.######
#.##...... ...
#>.#
#######.....#####
. .....
.......<.†)......
##:.###
##.....#.#.######
##. #.#####...#
#. # #..## #.
....


You could see Sigmund (invisible) and a sky beast (invisible).

Vanquished Creatures
  A phantom (D:4)
  2 orc priests (D:3)
  Jessica (D:2)
  Ijyb (D:4)
  14 gnolls
  3 adders
  2 oozes
  An adder skeleton (D:4)
  A worm (D:3)
  2 dart slugs
  3 leopard geckos (D:4)
  16 orcs
  9 bats
  5 giant cockroaches
  11 goblins
  13 hobgoblins
  4 jackals (D:3)
  2 quokkas
  A ball python (D:1)
  7 frilled lizards
  7 kobolds
  11 rats
117 creatures vanquished.

Notes
Turn   | Place    | Note
-------+----------+-------------------------------------------
     0 | D:1      | ubername the Palentonga Fighter began the quest for the
                  | Orb.
     0 | D:1      | Reached XP level 1. HP: 20/20 MP: 1/1
   239 | D:1      | Reached XP level 2. HP: 27/27 MP: 2/2
   459 | D:1      | Reached XP level 3. HP: 23/33 MP: 3/3
  1171 | D:2      | Noticed a +3 hand axe
  1171 | D:2      | Noticed a +0 dagger
  1173 | D:2      | Found a hide-covered altar of Uskayaw.
  1207 | D:2      | Found a sparkling altar of Nemelex Xobeh.
  1537 | D:2      | Noticed Jessica
  1549 | D:2      | Killed Jessica
  1550 | D:2      | Reached XP level 4. HP: 38/42 MP: 4/4
  2119 | D:3      | Reached XP level 5. HP: 19/49 MP: 5/5
  2369 | D:3      | Found a broken altar of Ashenzari.
  2754 | D:3      | Reached XP level 6. HP: 55/55 MP: 6/6
  2766 | D:3      | Reached skill level 1 in Dodging
  3494 | D:4      | Noticed Ijyb
  3498 | D:4      | Paralysed by Ijyb for 7 turns
  3509 | D:4      | Killed Ijyb
  3603 | D:4      | Found a glowing silver altar of Zin.
  4079 | D:4      | Found a shimmering altar of Xom.
  4193 | D:5      | Entered Level 5 of the Dungeon
  4217 | D:5      | Noticed Sigmund
  4223 | D:5      | Noticed a sky beast
  4235 | D:5      | HP: 2/55 [sky beast (6)]
  4236 | D:5      | Slain by a sky beast

Illustrated notes

Levels and vault maps discovered:
D:1:      ncdulo_wetmaze, layout_basic
D:2:      layout_basic, nemelex_altar_shiori, dancing_weapons_uskayaw,
          uniq_jessica
D:3:      layout_basic, general_overflow_altar
D:4:      layout_rooms, tgw_xom, amcnicky_altar_gilded, uniq_ijyb
D:5:      layout_rooms, lemuel_zombie_altar_yredelemnul, old_standard_altar,
          nicolae_gozag_cash_rules_everything_around_me, uniq_sigmund

Skill      XL: |  1  2  3  4  5  6 |
---------------+-------------------+-----
Maces & Flails | 3 4 |  4.5
Armour         | 3 4 |  4.0
Shields        | 3 |  3.3
Dodging        | 1 |  1.6
Fighting       | 4 |  4.0
Stealth        | |  0.4

Action                   |  1- 3 |  4- 6 || total
-------------------------+-------+-------++-------
Melee: Flail             |   124 |   113 ||   237
       Tailslap          |    14 |    16 ||    30
       Mace              |       |   120 ||   120
 Abil: Rolling Charge    |    30 |    32 ||    62
Evoke: Wand              |       |     1 ||     1
  Use: Scroll            |     2 |     4 ||     6
       Potion            |       |     5 ||     5
Armor: Scale mail        |    63 |   106 ||   169
Dodge: Dodged            |    31 |    61 ||    92
Block: Kite shield       |    69 |   104 ||   173
